 Dungeon Crawl Stone Soup version 0.30-a0-883-g5ad918d77d (webtiles) character file.

Game seed: 12848677549962111633

149 FexLirch the Insei (level 5, 0/33 HPs)
             Began as an Octopode Transmuter on Mar 17, 2023.
             Slain by Grinder (2 damage)
             ... on level 4 of the Dungeon.
             The game lasted 00:03:50 (2522 turns).

FexLirch the Insei (Octopode Transmuter)            Turns: 2522, Time: 00:03:51

Health: 0/33       AC:  1    Str:  9    XL:     5   Next: 31%
Magic:  8/8        EV: 13    Int: 18    God:
Gold:   156        SH:  0    Dex: 12    Spells: 7/8 levels left

rFire   . . .      SeeInvis .    e - +2 dagger (elec)
rCold   + . .      Faith    .    (no shield)
rNeg    . . .      Spirit   .    (helmet currently unavailable)
rPois   .          Reflect  .    (no amulet)
rElec   .          Rampage  .    r - ring of protection from cold
rCorr   .                        (no ring)
Will    .....                    (no ring)
Stlth   ++                       (no ring)
HPRegen 0.25/turn                (no ring)
MPRegen 0.11/turn                (no ring)
                                 (no ring)
                                 (no ring)

@: appendages (expiring)
A: tentacle spike 3, almost no armour, amphibious, 8 rings, camouflage 1,
gelatinous body 1, (nimble swimmer 1), tentacles
a: End Transformation


You were on level 4 of the Dungeon.
One of your tentacles had grown a beastly spike.
You visited 1 branch of the dungeon, and saw 4 of its levels.

You collected 156 gold pieces.

Inventory:

Hand Weapons
 e - a +2 dagger of electrocution (weapon)
Missiles
 d - 32 stones (quivered)
 f - 9 poisoned darts
 q - 5 curare-tipped darts
Jewellery
 r - a ring of protection from cold (left tentacle)
Scrolls
 i - a scroll of teleportation {unknown}
 j - a scroll of blinking {unknown}
 k - 3 scrolls of amnesia
 m - a scroll of brand weapon {unknown}
 n - a scroll of poison {unknown}
 p - a scroll of enchant weapon
Potions
 a - 2 potions of lignification
 b - a potion of mutation {unknown}
 c - a potion of haste {unknown}
 g - a potion of degeneration {unknown}
 h - 5 potions of curing
 l - a potion of cancellation {unknown}
 o - a potion of heal wounds


   Skills:
 - Level 1.2 Fighting
 - Level 2.1 Dodging
 + Level 4.4 Unarmed Combat
 - Level 2.1 Spellcasting
 + Level 3.8 Transmutations


You had 7 spell levels left.
You knew the following spells:

 Your Spells              Type           Power      Damage    Failure   Level
a - Beastly Appendage     Tmut           30%        N/A       3%          1

Your spell library contained the following spells:

 Spells                   Type           Power      Damage    Failure   Level
 Wereblood                Tmut           15%        N/A       5%          2
 Spider Form              Tmut/Pois      8%         N/A       24%         3
 Cigotuvi's Dreadful Rot  Necr/Pois/Air  2%         N/A       26%         2
 Poisonous Vapours        Pois/Air       2%         N/A       26%         2
 Mephitic Cloud           Conj/Pois/Air  1%         N/A       47%         3
 Ice Form                 Ice/Tmut       8%         N/A       63%         4


Dungeon Overview and Level Annotations

Branches:
Dungeon (4/15)
 Temple: D:4-7

Altars:
Qazlal
Wu Jian
Zin

Annotations:
D:4 Grinder


Innate Abilities, Weirdness & Mutations

One of your tentacles has grown a beastly spike.
You cannot wear most types of armour.
You are amphibious.
You can wear up to eight rings at the same time.
Your skin changes colour to match your surroundings (Stealth+).
Your rubbery body absorbs attacks. (AC +1, EV +1)
((You are camouflaged when in or above water. (Stealth+)))
You have tentacles for arms and can constrict up to eight enemies at once.


Message History

Grinder is lightly wounded.
You constrict Grinder.
Grinder blinks free!
You are too injured to fight recklessly!
You are too injured to fight recklessly!
You are too injured to fight recklessly!
Throw: 36 stones
Press: ? - help, Q - select action, (/) - cycle Shift-Dir - straight line, f/p - Grinder
Aim: Grinder (moderately wounded, 52% to hit)
You throw a stone. The stone closely misses Grinder.
Throw: 35 stones
Press: ? - help, Q - select action, (/) - cycle Shift-Dir - straight line, f/p - Grinder
Aim: Grinder (moderately wounded, 52% to hit)
You throw a stone.
The stone hits Grinder but does no damage.
Grinder is moderately wounded.
Your transformation is almost over.
Throw: 34 stones
Press: ? - help, Q - select action, (/) - cycle Shift-Dir - straight line, f/p - Grinder
Aim: Grinder (moderately wounded, 52% to hit)
You throw a stone.
The stone hits Grinder but does no damage.
Grinder is moderately wounded.
Grinder gestures at you. Pain shoots through your body!
* * * LOW HITPOINT WARNING * * *
Throw: 33 stones
Press: ? - help, Q - select action, (/) - cycle Shift-Dir - straight line, f/p - Grinder
Aim: Grinder (moderately wounded, 52% to hit)
You throw a stone. The stone closely misses Grinder.
You hit Grinder but do no damage. Your grab misses Grinder.
You pierce Grinder.
Grinder is moderately wounded.
Grinder says, "There's only one good use for a tongue: cutting it out."
Grinder hits you.
* * * LOW HITPOINT WARNING * * *
You hit Grinder. You grab Grinder.
Grinder is moderately wounded.
You constrict Grinder.
Grinder says, "Tell me all your secrets, or I'll kill you."
Grinder hits you.
You die...

#### ..#
###.#######
#@5........
#.#.#..###.
#.#.....#
#.###...# #
#.###...##.#
#..........#
#######.##.#
#..<#...# #.#
#
#.####.#..PPP#
#.#


You could see Grinder.

Vanquished Creatures
  2 gnolls
  7 adders
  A worm (D:2)
  A dart slug (D:4)
  2 orcs (D:3)
  5 bats
  3 endoplasms
  2 giant cockroaches (D:1)
  7 goblins
  6 hobgoblins
  5 jackals (D:1)
  4 kobolds
  2 quokkas
  5 ball pythons
  5 frilled lizards
  3 rats
60 creatures vanquished.

Notes
Turn   | Place    | Note
-------+----------+-------------------------------------------
     0 | D:1      | FexLirch the Octopode Transmuter began the quest for the
                  | Orb.
     0 | D:1      | Reached XP level 1. HP: 13/13 MP: 3/3
    85 | D:1      | Reached XP level 2. HP: 18/18 MP: 5/5
   374 | D:1      | Reached XP level 3. HP: 23/23 MP: 6/6
   493 | D:1      | Found a faded altar of an unknown god.
  1126 | D:2      | Reached XP level 4. HP: 24/28 MP: 7/7
  1551 | D:3      | Reached skill level 4 in Unarmed Combat
  2086 | D:3      | Found an ornate altar of the Wu Jian Council.
  2134 | D:3      | Noticed a black bear
  2145 | D:3      | Reached XP level 5. HP: 9/33 MP: 8/8
  2348 | D:4      | Found a stormy altar of Qazlal.
  2351 | D:4      | Found a glowing silver altar of Zin.
  2509 | D:4      | Noticed Grinder
  2522 | D:4      | Slain by Grinder

Illustrated notes

Levels and vault maps discovered:
D:1:      beargit_arrival_greenhouse, layout_basic,
          shapermc_ecumenical_altar_petra
D:2:      layout_loops_cross, minmay_split_cup_small
D:3:      layout_loops_cross, nzn_wu_jian_council_hall,
          corexii_leaking_fountain, due_unseen_surprise
D:4:      layout_loops_cross, lemuel_doored_altar, nicolae_overflow_squiral,
          serial_bayou_lagoon_a, minmay_lizard_king, uniq_grinder

Skill      XL: |  1  2  3  4 |
---------------+-------------+-----
Transmutations | 3 |  3.8
Unarmed Combat | 4 |  4.4
Fighting       | |  1.2
Dodging        | |  2.1
Spellcasting   | |  2.1

Action                     |  1- 3 |  4- 6 || total
---------------------------+-------+-------++-------
  Melee: Unarmed           |    22 |       ||    22
         Constrict         |    20 |    14 ||    34
         Tentacles         |    13 |     9 ||    22
         Dagger            |    57 |    52 ||   109
         Punch             |     3 |       ||     3
         Kick              |       |     6 ||     6
  Throw: Stone             |       |     6 ||     6
   Cast: Beastly Appendage |       |    15 ||    15
    Use: Scroll            |       |     4 ||     4
   Stab: Sleeping          |     4 |     2 ||     6
 Armour: Skin              |     4 |     2 ||     6
  Dodge: Dodged            |    50 |    40 ||    90

Table legend: (Time is in decaauts)
 A = Elapsed time spent in this place.
 B = Non-inter-level travel time spent in this place.
 C = Inter-level travel time spent in this place.
 D = Time resting spent in this place.
 E = Time spent auto-exploring this place.
 F = Levels seen in this place.
 G = Mean time per level.
                   A        B        C        D        E       F      G
               +--------+--------+--------+--------+--------+-----+--------+
         Total |   2521 |   2346 |    175 |     70 |   1780 |   4 |  630.2 |
       Dungeon |   2521 |   2346 |    175 |     70 |   1780 |   4 |  630.2 |
               +--------+--------+--------+--------+--------+-----+--------+

Top non-repeatable levels by time:
     D:2: 1014 daAuts
     D:1: 665 daAuts
     D:3: 646 daAuts
     D:4: 194 daAuts
